 Dungeon Crawl Stone Soup version 0.18-a0-117-g77bb7e1 (webtiles) character file.

129376 ReteAZ the Stickfighter (level 17, -2/115 HPs)
             Began as a Gargoyle Gladiator on Nov 18, 2015.
             Was the Champion of Okawaru.
             Slain by a wolf spider (6 damage)
             ... on level 4 of the Spider Nest.
             The game lasted 01:35:22 (32072 turns).

ReteAZ the Stickfighter (Gargoyle Gladiator)       Turns: 32072, Time: 01:35:22

Health: -2/115     AC: 15    Str: 23    XL:     17   Next: 5%
Magic:  18/24      EV: 10    Int: 10    God:    Okawaru [******]
Gold:   3197       SH:  0    Dex: 15    Spells: 0 memorised, 16 levels left

rFire  . . .     SeeInvis .     R - +3 lajatang (freeze)
rCold  + + .     Clarity  .     j - +4 plate armour {rC+}
rNeg   + . .     SustAt   .     (shield currently unavailable) rPois āˆž
Gourm  .                        g - +1 helmet
rElec  +         Spirit   .     p - +2 cloak {MR+}
rCorr  .         Warding  .     B - +0 pair of gloves of Inis {*Drain Str+3}
rMut   .         Stasis   .     m - +0 pair of boots {Fly}
MR     +++..                    L - amulet of faith
Stlth  ..........               b - ring of the Duke {rPois rC+ MR+}
                                X - +2 ring of evasion

@: heroism, finesse, corroded equipment, flying, extremely resistant to hostile
enchantments, extremely unstealthy
A: big wings, negative energy resistance 1, electricity resistance, unbreathing,
petrification resistance, rot immunity, AC +12
a: Stop Flying, Heroism, Finesse, Renounce Religion


You were on level 4 of the Spider Nest.
You worshipped Okawaru.
Okawaru was exalted by your worship.
You were hungry.

You visited 5 branches of the dungeon, and saw 29 of its levels.
You also visited: Ice Cave.

You collected 3230 gold pieces.
You spent 33 gold pieces at shops.

Inventory:

Hand Weapons
 d - the +7 greatsling "Punk" {freeze, rC+}
   (Okawaru gifted it to you on level 11 of the Dungeon)

   It causes projectiles fired from it to freeze those they strike, causing
   extra injury to most foes and up to half again as much damage against
   particularly susceptible opponents.
   They can also slow down cold-blooded creatures.
   It protects you from cold.
 R - a +3 lajatang of freezing (weapon)
Missiles
 a - 29 sling bullets of frost
 c - 100 sling bullets
 E - 2 throwing nets (quivered)
Armour
 g - a +1 helmet (worn)
 j - a +4 plate armour of cold resistance (worn)
 m - a +0 pair of boots of flying (worn)
 p - a +2 cloak of magic resistance (worn)
 B - the +0 pair of gloves of Inis (worn) {*Drain Str+3}
   (Okawaru gifted it to you on level 3 of the Orcish Mines)

   It affects your strength (+3).
   It causes draining when unequipped.
 W - a +3 chain mail of fire resistance
Jewellery
 b - the ring of the Duke (right hand) {rPois rC+ MR+}
   (You found it on level 2 of the Lair of Beasts)

   [ring of protection from magic]

   It protects you from cold.
   It protects you from poison.
   It affects your resistance to hostile enchantments.
 L - an amulet of faith (around neck)
 X - a +2 ring of evasion (left hand)
 Y - an uncursed amulet of resist mutation
Wands
 o - a wand of teleportation (6)
 y - a wand of slowing (20)
 G - a wand of cold (7)
 N - a wand of digging (4)
 S - a wand of teleportation (5)
 V - a wand of fire (12)
Scrolls
 i - 3 scrolls of recharging
 k - 3 scrolls of teleportation
 q - 7 scrolls of remove curse
 t - 2 scrolls of blinking
 D - 3 scrolls of fog
 J - a scroll of holy word
 P - a scroll of identify
Potions
 h - 2 potions of berserk rage
 u - 9 potions of curing
 z - 4 potions of brilliance
 I - 4 potions of heal wounds
 K - 2 potions of haste
 M - 3 potions of agility
 O - 2 potions of cancellation
 T - 2 potions of might
 U - 2 potions of invisibility
 Z - 2 potions of cure mutation
Books
 l - a book of Transfigurations

   Spells                             Type                      Level
   a - Stoneskin                      Transmutation/Earth          2
   b - Irradiate                      Conjuration/Transmutation    5
   c - Statue Form                    Transmutation/Earth          6
   d - Hydra Form                     Transmutation                6
   e - Dragon Form                    Transmutation                7
 x - a book of Geomancy

   Spells                             Type                      Level
   a - Sandblast                      Earth                        1
   b - Stoneskin                      Transmutation/Earth          2
   c - Passwall                       Transmutation/Earth          3
   d - Stone Arrow                    Conjuration/Earth            3
   e - Petrify                        Transmutation/Earth          4
   f - Lee's Rapid Deconstruction     Earth                        5
 C - Roxanne's Tome of the Rocks and Shape Shifting
   (You took it off Roxanne on level 3 of the Spider Nest)

   Spells                             Type                      Level
   a - Sandblast                      Earth                        1
   b - Passwall                       Transmutation/Earth          3
   c - Petrify                        Transmutation/Earth          4
   d - Bolt of Magma                  Conjuration/Fire/Earth       5
   e - Statue Form                    Transmutation/Earth          6
Miscellaneous
 H - a phantom mirror
Comestibles
 e - 16 bread rations {@e1}
 s - 24 royal jellies
 v - 7 meat rations {@e2}
 w - 4 beef jerkies
 A - 24 fruits
 F - 2 slices of pizza


   Skills:
 - Level 16.2(21.2) Fighting
 + Level 17.3(22.3) Staves
 - Level 4.8(10.0) Slings
 - Level 1.7(8.5) Throwing
 - Level 16.0(21.0) Armour
 - Level 5.0(10.0) Dodging
 - Level 9.4 Invocations


You had 16 spell levels left.
You didn't know any spells.

Dungeon Overview and Level Annotations

Branches:
Dungeon (12/15)            Temple (1/1) D:6            Lair (8/8) D:11
  Swamp (0/4) Lair:6       Spider (4/4) Lair:4        Slime (0/6) Lair:7
    Orc (4/4) D:9             Elf (0/3) Orc:3

Altars:
Ashenzari
Cheibriados
Dithmenos
Elyvilon
Fedhas
Gozag
Kikubaaqudgha
Makhleb
Nemelex Xobeh
Okawaru
Qazlal
Ru
Sif Muna
Trog
Vehumet
Xom
Yredelemnul
Zin
The Shining One
Beogh

Shops:
D:8 (   Orc:3 *   Orc:4 (%}%

Annotations:
Lair:7 exclusion: 3 oklob plants
Lair:8 exclusion: oklob plant


Innate Abilities, Weirdness & Mutations

You are resistant to torment.
Your stone body is resilient (AC +12).
You are immune to poison.
Your large and strong wings let you fly indefinitely.
You resist negative energy.
You are resistant to electric shocks.
You can survive without breathing.
You are immune to petrification.
You are immune to rotting.


Message History

Your wolf spider bites the entropy weaver!
The entropy weaver dies!
Okawaru accepts your kill. The redback bites you!
* * * LOW HITPOINT WARNING * * *
The redback bites your trapdoor spider!
Your trapdoor spider dies!
Your trapdoor spider's corpse dissolves into shadows!
There is a stone staircase leading up here.
Your entropy weaver screams the final syllables of the word of entropy!
The word of entropy corrodes the redback!
The redback dies!
Okawaru accepts your kill.
Something closely misses your wolf spider.
The redback bites you!
* * * LOW HITPOINT WARNING * * *
The wolf spider hits you.
* * * LOW HITPOINT WARNING * * *
The wolf spider bites you.
You die...

**........^.....#...,,,,,,,*,,*
**,#....(#....^......#.,*,,*****
*,,......(......s.....#,,,**
*,,.......(..#.#..#...^,,,,***
*,,.....s..s...........,,,,,,**
*,,.......sā€
%.........,,,,,,,,*
***,...#^...#sp.s.......,,,,,,,*
,**,..*##.####sss.##....,,,,,,**
,,,,.,,*##* #.^@....#**,,,,,**
,,,*,,** #......##*,,,****
,,,,,,* ##...### **,** ,,,,,,*
##.## *** ,,,,,** ### ,,*,,*
****,* ********* ****
,,****,ā‰ˆ****,,*********


You could see an emperor scorpion, 2 wolf spiders, an orb spider, a tarantella,
2 redbacks, a friendly entropy weaver, a friendly wolf spider and a friendly
redback.

Vanquished Creatures
  Arachne (Spider:2)
  Kirke (Spider:2)
  Roxanne (Spider:3)
  A frost giant (IceCv)
  A ghost moth (Spider:1)
  An orc warlord (Orc:4)
  Nessos (Orc:4)
  Snorg (Lair:4)
  A fire dragon (Lair:8)
  6 entropy weavers
  10 hydras
  Erica (D:9)
  7 death yaks
  The ghost of Proton the Cleaver, a novice DDFi of Ru (D:10)
  4 orc high priests
  Nergalle (Orc:2)
  4 hill giants
  4 orc knights (Orc:4)
  Pikel (D:8)
  2 unseen horrors
  A lindwurm (Lair:8)
  6 orb spiders
  18 wolf spiders
  A hornet (Spider:2)
  4 orc sorcerers (Orc:4)
  An oklob plant (Lair:7)
  An ugly thing (D:11)
  5 griffons
  36 elephants
  2 moths of wrath
  18 spiny frogs
  An ice statue (IceCv)
  5 torpor snails
  7 black mambas
  6 komodo dragons
  7 demonic crawlers
  4 fire drakes
  19 polar bears
  2 queen bees
  15 blink frogs
  10 jumping spiders
  Grinder (D:5)
  3 slime creatures (D:10)
  Prince Ribbit (D:6)
  A boulder beetle (Lair:6)
  7 trapdoor spiders
  37 redbacks
  2 deep elf magi
  A wyvern (D:8)
  9 tarantellas
  3 hogs (Spider:2)
  6 basilisks
  5 hungry ghosts
  6 humans (D:11)
  63 yaks
  8 hippogriffs
  4 wargs
  12 wolves
  3 sky beasts
  Duvessa (D:6)
  2 phantoms
  2 black bears (Lair:2)
  12 porcupines
  22 orc warriors
  16 water moccasins
  4 swamp drakes (Lair:8)
  12 ogres
  2 ice beasts
  19 spiders
  2 centaurs
  A necrophage (D:9)
  13 giant frogs
  A big kobold (D:9)
  22 crocodiles
  Dowan (D:6)
  5 scorpions
  42 killer bees
  18 wights
  6 electric eels
  A giant frog zombie (D:6)
  A crimson imp (D:5)
  5 jellies
  23 orc priests
  A giant frog skeleton (D:8)
  5 hounds
  A wasp zombie (D:6)
  Ijyb (D:11)
  27 orc wizards
  A quasit (D:6)
  10 worker ants
  8 iguanas
  29 sheep
  A killer bee zombie (D:5)
  A hound zombie (D:10)
  7 adders
  11 gnolls
  47 river rats
  2 shadow imps
  An ooze (D:2)
  2 adder skeletons
  3 worms
  4 giant geckos
  170 orcs
  3 ball pythons
  7 bats
  5 giant cockroaches
  6 goblins
  6 hobgoblins
  22 jackals
  4 giant newts
  17 kobolds
  3 quokkas
  A quokka skeleton (D:5)
  A quokka zombie (D:7)
  10 rats
  3 fungi
  2 plants (Lair:8)
1046 creatures vanquished.

Vanquished Creatures (collateral kills)
  An entropy weaver (Spider:4)
  A redback (Spider:4)
2 creatures vanquished.

Vanquished Creatures (others)
  A tarantella (Spider:2)
  A human (Spider:2)
  4 wolves (IceCv)
  A porcupine (Lair:7)
  2 slaves (D:8)
  A giant frog skeleton (D:8)
  9 fungi
  4 plants
23 creatures vanquished.

Grand Total: 1071 creatures vanquished

Notes
Turn   | Place    | Note
--------------------------------------------------------------
     0 | D:1      | ReteAZ the Gargoyle Gladiator began the quest for the Orb.
     0 | D:1      | Reached XP level 1. HP: 12/12 MP: 1/1
   156 | D:1      | Reached XP level 2. HP: 18/18 MP: 2/2
   677 | D:1      | Reached XP level 3. HP: 19/22 MP: 3/3
   970 | D:2      | Found an opulent altar of Gozag.
  1203 | D:2      | Reached skill level 1 in Armour
  1804 | D:2      | Reached XP level 4. HP: 25/28 MP: 4/4
  1829 | D:2      | Reached skill level 4 in Staves
  2080 | D:3      | Noticed an ogre
  2111 | D:3      | Killed an ogre
  2111 | D:3      | Reached XP level 5. HP: 13/33 MP: 5/5
  2296 | D:3      | Found a white marble altar of Elyvilon.
  2297 | D:3      | Found a sacrificial altar of Ru.
  2410 | D:3      | Noticed a sky beast
  2426 | D:3      | Reached XP level 6. HP: 29/38 MP: 6/6
  2428 | D:3      | Reached skill level 5 in Staves
  2497 | D:3      | Found a faded altar to an unknown god.
  3267 | D:4      | Reached XP level 7. HP: 32/44 MP: 7/7
  3647 | D:4      | Found a shattered altar of Ashenzari.
  3649 | D:4      | Found a stormy altar of Qazlal.
  3700 | D:4      | Reached skill level 6 in Staves
  3844 | D:4      | Found a bloodstained altar of Trog.
  3973 | D:4      | Reached skill level 5 in Fighting
  4101 | D:4      | Reached XP level 8. HP: 49/49 MP: 8/8
  4738 | D:5      | Entered Level 5 of the Dungeon
  4762 | D:5      | Reached skill level 7 in Staves
  4762 | D:5      | Reached skill level 5 in Armour
  4796 | D:5      | Found an ancient bone altar of Kikubaaqudgha.
  5066 | D:5      | Noticed Grinder
  5192 | D:5      | Paralysed by Grinder for 5 turns
  5201 | D:5      | Killed Grinder
  5549 | D:5      | Found a basalt altar of Yredelemnul.
  5749 | D:6      | Noticed Prince Ribbit
  5776 | D:6      | Noticed Dowan
  5777 | D:6      | Noticed Duvessa
  5839 | D:6      | Killed Duvessa
  5839 | D:6      | Reached skill level 8 in Staves
  5850 | D:6      | Killed Dowan
  6043 | D:6      | Reached XP level 9. HP: 48/55 MP: 9/9
  6198 | D:6      | Reached skill level 9 in Staves
  6224 | D:6      | Found a staircase to the Ecumenical Temple.
  6231 | Temple   | Entered the Ecumenical Temple
  6368 | D:6      | Killed Prince Ribbit
  6665 | D:6      | Found a blossoming altar of Fedhas.
  7339 | D:7      | Reached skill level 10 in Staves
  7344 | D:7      | Found an iron altar of Okawaru.
  7362 | D:7      | Became a worshipper of Warmaster Okawaru
  7426 | D:8      | Found a blossoming altar of Fedhas.
  7642 | D:8      | Found Utzeuc's Weapon Emporium.
  7712 | D:8      | Reached * piety under Okawaru
  7981 | D:8      | Reached XP level 10. HP: 53/60 MP: 10/10
  8030 | D:7      | Reached skill level 11 in Staves
  8313 | D:8      | Reached ** piety under Okawaru
  8836 | D:8      | Noticed Pikel
  8870 | D:8      | Killed Pikel
  8870 | D:8      | Reached *** piety under Okawaru
  8870 | D:8      | Reached skill level 12 in Staves
  8870 | D:8      | Reached skill level 1 in Invocations
  9171 | D:9      | Found a burning altar of Makhleb.
  9492 | D:9      | Noticed Erica
  9514 | D:9      | Killed Erica
  9514 | D:9      | Reached **** piety under Okawaru
 10156 | D:9      | Found a staircase to the Orcish Mines.
 10190 | D:10     | Entered Level 10 of the Dungeon
 10299 | D:10     | Killed an unseen horror
 10299 | D:10     | Reached ***** piety under Okawaru
 10299 | D:10     | Reached skill level 13 in Staves
 10299 | D:10     | Reached XP level 11. HP: 44/64 MP: 14/14
 10534 | D:10     | Reached skill level 5 in Invocations
 10768 | D:10     | Noticed Proton's ghost (novice DDFi)
 10857 | D:10     | Noticed a hill giant
 10876 | D:10     | Killed a hill giant
 11127 | D:10     | Killed Proton's ghost
 11479 | D:10     | Noticed a hill giant
 11502 | D:10     | Killed a hill giant
 11502 | D:10     | Reached skill level 14 in Staves
 12190 | D:11     | Received a gift from Okawaru
 12237 | D:11     | Found a staircase to the Lair.
 12349 | D:11     | Found a glowing silver altar of Zin.
 12578 | D:11     | Killed an unseen horror
 12624 | D:11     | Noticed Ijyb
 12641 | D:11     | Reached XP level 12. HP: 64/72 MP: 17/17
 12703 | D:11     | Reached ****** piety under Okawaru
 12724 | D:11     | Killed Ijyb
 13320 | Lair:1   | Entered Level 1 of the Lair of Beasts
 13508 | Lair:1   | Found a snail-covered altar of Cheibriados.
 13523 | Lair:1   | Received a gift from Okawaru
 13778 | Lair:1   | Reached skill level 10 in Armour
 14295 | Lair:2   | Found a frozen archway.
 14300 | IceCv    | Entered an ice cave
 14955 | IceCv    | Noticed a death yak
 14981 | IceCv    | Killed a death yak
 15283 | IceCv    | Reached XP level 13. HP: 80/82 MP: 13/20
 15313 | IceCv    | Reached skill level 10 in Fighting
 15403 | IceCv    | Noticed a frost giant
 15489 | IceCv    | Killed a frost giant
 15489 | IceCv    | Received a gift from Okawaru
 15915 | Lair:2   | Got a fine marble ring
 15917 | Lair:2   | Identified the ring of the Duke {rPois rC+ MR+} (You found it on level 2 of the Lair of Beasts)
 17240 | Lair:3   | Received a gift from Okawaru
 18255 | Lair:4   | Reached skill level 1 in Slings
 18290 | Lair:4   | Noticed Snorg
 18296 | Lair:4   | Killed Snorg
 18322 | Lair:4   | Gained mutation: Your large and strong wings let you fly indefinitely. [Gargoyle growth]
 18322 | Lair:4   | Reached XP level 14. HP: 67/92 MP: 21/21
 18543 | Lair:4   | Found a hole to the Spider Nest.
 18586 | Lair:4   | Received a gift from Okawaru
 18784 | Lair:4   | Reached skill level 5 in Dodging
 19382 | Lair:5   | Received a gift from Okawaru
 20592 | Lair:6   | Found a staircase to the Swamp.
 21264 | Lair:6   | Gained mutation: Armour fits poorly on your strangely shaped body. [potion of mutation]
 21264 | Lair:6   | Gained mutation: You occasionally shout uncontrollably at your foes. [potion of mutation]
 21264 | Lair:6   | Gained mutation: You have large cloven feet. [potion of mutation]
 21265 | Lair:6   | Lost mutation: Armour fits poorly on your strangely shaped body. [potion of cure mutation]
 21265 | Lair:6   | Lost mutation: You occasionally shout uncontrollably at your foes. [potion of cure mutation]
 21265 | Lair:6   | Lost mutation: You have large cloven feet. [potion of cure mutation]
 21744 | Lair:7   | Received a gift from Okawaru
 21809 | Lair:7   | Got a slimy quarterstaff {god gift}
 21810 | Lair:7   | Identified the +1 quarterstaff of Okawaru's Delight {drain, rElec} (Okawaru gifted it to you on level 7 of the Lair of Beasts)
 21868 | Lair:7   | Received a gift from Okawaru
 21868 | Lair:7   | Reached XP level 15. HP: 66/100 MP: 22/22
 22260 | Lair:7   | Found a staircase to the Slime Pits.
 22605 | Lair:8   | Entered Level 8 of the Lair of Beasts
 22739 | Lair:8   | Reached skill level 15 in Armour
 23320 | Lair:8   | Received a gift from Okawaru
 23416 | Lair:8   | Reached skill level 15 in Fighting
 24529 | Orc:1    | Entered Level 1 of the Orcish Mines
 25067 | Orc:3    | Found a staircase to the Elven Halls.
 25067 | Orc:3    | Found a roughly hewn altar of Beogh.
 25302 | Orc:3    | Found Zutiowk's Assorted Antiques.
 25312 | Orc:3    | Bought a scroll labeled NUFEOTHR ZEDU for 33 gold pieces
 25630 | Orc:3    | Received a gift from Okawaru
 25640 | Orc:3    | Got a pair of ichor-stained gloves {god gift}
 25651 | Orc:3    | Identified the +0 pair of gloves of Inis {*Drain Str+3} (Okawaru gifted it to you on level 3 of the Orcish Mines)
 26036 | Orc:2    | Reached skill level 16 in Armour
 26096 | Orc:2    | Noticed Nergalle
 26125 | Orc:2    | Killed Nergalle
 26228 | Orc:1    | Found a bloodstained altar of Trog.
 26519 | Orc:4    | Entered Level 4 of the Orcish Mines
 26750 | Orc:4    | Noticed Nessos
 26762 | Orc:4    | Killed Nessos
 27307 | Orc:4    | Found Ethropn's Antique Weapon Shop.
 27380 | Orc:4    | Reached XP level 16. HP: 82/109 MP: 20/23
 27604 | Orc:4    | Found Miket's Food Emporium.
 27609 | Orc:4    | Found Zovveu's Gadget Emporium.
 27629 | Orc:4    | Found Tomadyr's Food Shop.
 28177 | Spider:1 | Entered Level 1 of the Spider Nest
 28211 | Lair:4   | Received a gift from Okawaru
 28214 | Lair:4   | Got a pitted buckler {god gift}
 29123 | Spider:1 | Reached skill level 15 in Staves
 30090 | Spider:2 | Noticed Kirke
 30113 | Spider:2 | Killed Kirke
 30195 | Spider:2 | Noticed Arachne
 30217 | Spider:2 | Killed Arachne
 30217 | Spider:2 | Received a gift from Okawaru
 31640 | Spider:3 | Noticed Roxanne
 31647 | Spider:3 | Reached skill level 17 in Staves
 31832 | Spider:3 | Killed Roxanne
 31834 | Spider:3 | Identified Roxanne's Tome of the Rocks and Shape Shifting (You took it off Roxanne on level 3 of the Spider Nest)
 31901 | Spider:3 | Reached XP level 17. HP: 115/115 MP: 24/24
 32023 | Spider:4 | Entered Level 4 of the Spider Nest
 32072 | Spider:4 | HP: 4/115 [wolf spider (3)]
 32072 | Spider:4 | Slain by a wolf spider

Vault maps used:
D:1:      lightli_arrival_chessboard, minmay_distorted
D:2:      first_bread, grunt_gozag_breadcrumbs
D:3:      gammafunk_temple_overflow_statue, ecumenical_altar_1
D:4:      kennysheep_six_static_rooms, nicolae_overflow_hidden_temple
D:5:      basic_altar, yredelemnul_altar_generic, uniq_grinder
D:6:      kennysheep_little_box, minmay_temple_entry_nine_rooms, uniq_duvessa,
          uniq_prince_ribbit1
D:7:      okawaru_altar_gauntlet_db
D:8:      serial_shops, shop, minmay_door_square, david_nohive_1,
          fedhas_altar_1, uniq_pikel
D:9:      hiddenorc1_lemuel, basic_altar, minmay_misc_feat_encased,
          minmay_bad_closet, uniq_erica
D:11:     erik_1, dpeg_lair_monsters, basic_altar
D:12:     basic_altar, trove_entry_hex_spiral, uniq_rupert, uniq_josephine
Temple:   temple_eino_lava_12
Lair:1:   kennysheep_snail_temple, infiniplex_staircase_pool
Lair:2:   portal_ice_cave_entry_pillars_03, nicolae_lair_grove_arrangements
Lair:3:   serial_bayou_lake_a, lemuel_fruit_tree, serial_bayou_shore_a
Lair:4:   nicolae_spider_entry_tight_spaces, beast_lair_carwin_4, uniq_snorg
Lair:5:   hibernation_bobbens, lemuel_fruit_fields
Lair:6:   swamp_mist, grunt_forest_large_clearings
Lair:7:   minmay_slime_entry_oklob_enclosed, columned_hall_lemuel,
          grunt_megastairs_2
Lair:8:   hangedman_lair_in_review, guppyfry_lair_end_dragon,
          serial_bayou_shore_b
Spider:2: uniq_kirke, uniq_arachne
Spider:3: uniq_roxanne
Spider:4: grunt_spider_rune_circles
Orc:1:    basic_altar
Orc:2:    nicolae_orc_accident_3, uniq_nergalle
Orc:3:    serial_shops, shop, basic_altar, nicolae_orc_pool_cavern,
          nicolae_orc_crystal_geode
Orc:4:    st_orc_elflike, uniq_nessos
IceCv:    ice_cave_caverns_03

Action                   |  1- 3 |  4- 6 |  7- 9 | 10-12 | 13-15 | 16-18 || total
-------------------------+-------+-------+-------+-------+-------+-------++-------
Melee: Quarterstaff      |   134 |   148 |   577 |  1213 |   273 |       ||  2345
       Lajatang          |       |       |       |       |  1780 |   626 ||  2406
 Fire: Greatsling        |       |       |       |    60 |   140 |    52 ||   252
Throw: Throwing net      |       |     7 |     7 |    14 |     2 |       ||    30
       Tomahawk          |       |       |       |     2 |       |       ||     2
Invok: Heroism           |       |       |       |     9 |     9 |     2 ||    20
       Finesse           |       |       |       |     3 |     6 |     2 ||    11
Evoke: Wand              |       |       |       |    10 |     7 |       ||    17
  Use: Potion            |       |     1 |     2 |     3 |     5 |     2 ||    13
       Scroll            |       |       |    16 |     5 |    15 |     6 ||    42
 Stab: Distracted        |     1 |       |       |       |       |       ||     1
       Held in net/web   |       |       |     3 |     1 |       |       ||     4
  Eat: Chunk             |     3 |     4 |    16 |    26 |    38 |    11 ||    98
       Beef jerky        |       |       |     1 |       |       |       ||     1
       Fruit             |       |       |     2 |     1 |       |     6 ||     9
       Pizza             |       |       |     1 |     1 |       |       ||     2
       Meat ration       |       |       |       |     1 |     1 |       ||     2
